 Dungeon Crawl Stone Soup version 0.28-a0-1567-g1695149f81 (webtiles) character file.

Game seed: 10176256080243839806

891 comborobin the Fighter (level 8, -6/62 HPs)
             Began as an Octopode Cinder Acolyte on Jan 20, 2022.
             Was an Initiate of Ignis.
             Mangled by an ogre (27 damage)
             ... on level 5 of the Dungeon.
             The game lasted 00:02:09 (2525 turns).

comborobin the Fighter (Octopode Cinder Acolyte)    Turns: 2525, Time: 00:02:10

Health: -6/62      AC:  1    Str: 14    XL:     8   Next: 6%
Magic:  9/9        EV: 13    Int: 16    God:    Ignis [......]
Gold:   60         SH:  0    Dex:  9    Spells: 9/9 levels left

rFire   + . .      SeeInvis .     - Unarmed
rCold   . . .      Faith    .   (no shield)
rNeg    . . .      Spirit   .   (helmet restricted)
rPois   .          Reflect  .   (no amulet)
rElec   .          Harm     .   (no ring)
rCorr   .          Rampage  .   (no ring)
Will    .....                   (no ring)
Stlth   ++........              (no ring)
HPRegen 0.20/turn               (no ring)
MPRegen 0.11/turn               (no ring)
                                (no ring)
                                (no ring)

@: no status effects
A: almost no armour, amphibious, 8 rings, camouflage 1, gelatinous body 1,
(nimble swimmer 1), tentacles
a: Renounce Religion


You were on level 5 of the Dungeon.
You worshipped Ignis.
Ignis was noncommittal.
You visited 1 branch of the dungeon, and saw 6 of its levels.

You collected 60 gold pieces.

Inventory:

Wands
 h - a wand of flame (18)
Scrolls
 a - 2 scrolls of immolation {unknown}
 b - 2 scrolls of identify {unknown}
 d - a scroll of magic mapping {unknown}
 f - 2 scrolls of holy word {unknown}
 g - a scroll of teleportation {unknown}
 i - a scroll of vulnerability {unknown}
 k - a scroll of silence {unknown}
Potions
 c - a potion of haste {unknown}
 e - a potion of brilliance {unknown}
 j - a potion of ambrosia {unknown}


   Skills:
 + Level 8.5 Fighting
 - Level 2.4 Dodging
 - Level 4.0 Unarmed Combat
 - Level 1.0 Spellcasting
 - Level 3.0 Fire Magic


You had 9 spell levels left.
You didn't know any spells.
Your spell library contained the following spells:

 Spells                   Type           Power      Damage    Failure   Level
 Scorch                   Fire           20%        2d6       10%         2


Dungeon Overview and Level Annotations

Branches:
Dungeon (6/15)             Temple (0/1) D:4

Altars:

Shops:
D:6 !


Innate Abilities, Weirdness & Mutations

You cannot wear most types of armour.
You are amphibious.
You can wear up to eight rings at the same time.
Your skin changes colour to match your surroundings (Stealth+).
Your rubbery body absorbs attacks. (AC +1, EV +1)
((You are camouflaged when in or above water. (Stealth+)))
You have tentacles for arms and can constrict up to eight enemies at once.


Message History

You have reached level 8!
Unknown command.
Unknown command.
Your foxfire dissipates!
Your foxfire dissipates!
Okay, then.
You start resting.
You hear the quick rusting of a drain nearby.
You start resting.
You hear the rapid rusting of a distant drain.
Okay, then.
You start resting.
You hear the rapid rusting of a distant drain.
You start resting.
You hear the rapid rusting of a distant drain.
You start resting.
You hear the rapid rusting of a distant drain.
You begin to rise into the air.
Unknown command.
Unknown command.
With a burst of heat and light, you rocket upward!
A hound zombie and a dart slug come into view.
A bullfrog zombie comes into view.
The bullfrog zombie moves out of view.
There is a shaft here.
Found a helmet.
A water moccasin comes into view.
The adder hisses angrily.
The bullfrog zombie hits you. x2
The water moccasin hisses angrily.
The dart slug launches a dart at you. The slug dart misses you.
The ogre shouts!
The bullfrog zombie hits you. The hound zombie barely misses you.
The centaur skeleton hits you.
The centaur skeleton kicks you but does no damage.
The centaur skeleton hits you but does no damage.
The centaur skeleton kicks you.
The ogre hits you with a +0 giant club!!
You die...

.....#.....#.......#.....##
...#......................##
...#...$...>...............#
...#..........$............#
.....##..................^.##...
.##.............................#
##.......##..........w.....##...#
##...#..###......Z........##....#
#......## ###...@ZS#.......... #
.)##... #....O..Z.S...##.#..
.....#. .....#########.## ..S
.....###..... .... .[.
............ .........
........... .##### ..........
....##.... ....# .


You could see a water moccasin, an ogre, an adder, a dart slug, a hound zombie,
a bullfrog zombie and a centaur skeleton.

Vanquished Creatures
  Pikel (D:6)
  An ice beast (D:5)
  An ogre (D:5)
  A lemure (D:6)
  2 scorpions
  A hound (D:5)
  A bullfrog skeleton (D:5)
  An iguana (D:6)
  A hound skeleton (D:4)
  2 adders (D:2)
  A dart slug (D:4)
  A ball python (D:1)
  2 endoplasms (D:1)
  2 giant cockroaches
  7 goblins
  2 hobgoblins
  3 jackals (D:1)
  2 kobolds (D:1)
  A quokka (D:1)
  2 bats (D:1)
  2 frilled lizards (D:1)
  4 rats
41 creatures vanquished.

Vanquished Creatures (others)
  136 foxfires
136 creatures vanquished.

Grand Total: 177 creatures vanquished

Notes
Turn   | Place    | Note
-------+----------+-------------------------------------------
     0 | D:1      | comborobin the Octopode Cinder Acolyte began the quest for
                  | the Orb.
     0 | D:1      | Reached XP level 1. HP: 16/16 MP: 2/2
   170 | D:1      | Reached XP level 2. HP: 18/21 MP: 3/3
   216 | D:1      | Reached skill level 1 in Dodging
   856 | D:1      | Reached XP level 3. HP: 14/26 MP: 4/4
  1041 | D:1      | You fall into a shaft and drop 1 floor!
  1063 | D:2      | Noticed a scorpion
  1069 | D:2      | Killed a scorpion
  1070 | D:2      | Reached XP level 4. HP: 33/33 MP: 5/5
  1274 | D:4      | Found a staircase to the Ecumenical Temple.
  1321 | D:4      | Reached skill level 4 in Fighting
  1321 | D:4      | Reached XP level 5. HP: 32/37 MP: 6/6
  1425 | D:5      | Entered Level 5 of the Dungeon
  1426 | D:5      | Noticed a black bear
  1506 | D:5      | Noticed an ice beast
  1512 | D:5      | Noticed an ogre
  1517 | D:5      | Killed an ice beast
  1518 | D:5      | Reached skill level 5 in Fighting
  1518 | D:5      | Reached XP level 6. HP: 4/45 MP: 7/7
  1521 | D:5      | Reached skill level 6 in Fighting
  1862 | D:6      | Reached XP level 7. HP: 4/53 MP: 8/8
  2308 | D:6      | Found Ejyl's Distillery.
  2310 | D:6      | Noticed Pikel
  2329 | D:6      | HP: 2/53 [Pikel (6)]
  2330 | D:6      | Killed Pikel
  2331 | D:6      | Reached skill level 8 in Fighting
  2331 | D:6      | Reached XP level 8. HP: 1/62 MP: 9/9
  2525 | D:5      | Mangled by an ogre

Illustrated notes

Levels and vault maps discovered:
D:1:      dpeg_arrival_windows_large_door, layout_rooms,
          ebering_ecumenical_altar_sacrificial, minmay_distorted
D:2:      layout_rooms
D:3:      layout_rooms, overflow_temple_1_default, minmay_misc_feat_room,
          grunt_decor_resistance, minmay_misc_feat_diagonals,
          minmay_snake_closets, uniq_terence
D:4:      layout_rooms, minmay_temple_entry_tees
D:5:      layout_rooms
D:6:      layout_basic, serial_shops,
          nicolae_shop_temple_entry_statues_fountains, portal_sewer_entry_c,
          uniq_pikel

Skill      XL: |  1  2  3  4  5  6  7 |
---------------+----------------------+-----
Dodging        | 1 2 |  2.4
Fighting       | 4 5 6 8 |  8.5
Unarmed Combat | 4 |  4.0
Spellcasting   | |  1.0
Fire Magic     | |  3.0

Action                   |  1- 3 |  4- 6 |  7- 9 || total
-------------------------+-------+-------+-------++-------
Melee: Unarmed           |    39 |    34 |     8 ||    81
       Tentacles         |     8 |     6 |     1 ||    15
       Constrict         |    11 |     8 |       ||    19
       Punch             |     3 |     2 |       ||     5
Invok: Foxfire Swarm     |     2 |     3 |     3 ||     8
       Rising Flame      |       |       |     1 ||     1
 Stab: Sleeping          |     1 |     2 |       ||     3
Armor: Skin              |     4 |     2 |     3 ||     9
Dodge: Dodged            |    31 |    23 |     9 ||    63

Table legend: (Time is in decaauts)
 A = Elapsed time spent in this place.
 B = Non-inter-level travel time spent in this place.
 C = Inter-level travel time spent in this place.
 D = Time resting spent in this place.
 E = Time spent auto-exploring this place.
 F = Levels seen in this place.
 G = Mean time per level.
                   A        B        C        D        E       F      G
               +--------+--------+--------+--------+--------+-----+--------+
         Total |   2521 |   2513 |      8 |   1109 |   1079 |   6 |  420.2 |
       Dungeon |   2521 |   2513 |      8 |   1109 |   1079 |   6 |  420.2 |
               +--------+--------+--------+--------+--------+-----+--------+

Top non-repeatable levels by time:
     D:1: 1039 daAuts
     D:6: 663 daAuts
     D:4: 617 daAuts
     D:5: 113 daAuts
     D:2: 83 daAuts
     D:3: 3 daAuts
